 Dungeon Crawl Stone Soup version 0.28.0-53-g5a82cb258f (webtiles) character file.

Game seed: 17009694633841776895

410 Jerry the Skirmisher (level 6, -10/33 HPs)
             Began as a Vine Stalker Fighter on July 4, 2022.
             Was an Initiate of Gozag.
             Mangled by an ogre
             ... wielding a +0 giant spiked club
              (17 damage)
             ... on level 4 of the Dungeon.
             The game lasted 00:11:56 (3402 turns).

Jerry the Skirmisher (Vine Stalker Fighter)         Turns: 3402, Time: 00:11:56

Health: -10/33     AC:  6    Str: 18    XL:     6   Next: 89%
Magic:  0/7        EV:  9    Int:  8    God:    Gozag
Gold:   271        SH:  5    Dex: 16    Spells: 5/5 levels left

rFire   . . .      SeeInvis .   d - +3 dagger (elec)
rCold   . . .      Faith    .   c - +0 buckler
rNeg    . . .      Spirit   +   b - +0 scale mail
rPois   .          Reflect  .   (no helmet)
rElec   .          Harm     .   (no cloak)
rCorr   .          Rampage  .   (no gloves)
Will    .....                   (no boots)
Stlth   +.........              l - amulet of regeneration
HPRegen 1.71/turn               j - ring of flight
MPRegen 0.10/turn               (no ring)

@: flying
A: fangs 2, regeneration 1, magic shield, antimagic bite, no potion heal 2
a: Renounce Religion, Potion Petition, Call Merchant, Bribe Branch


You were on level 4 of the Dungeon.
You worshipped Gozag.
Gozag was aware of your devotion.
You visited 1 branch of the dungeon, and saw 4 of its levels.

You collected 312 gold pieces.
You paid 41 gold pieces to Gozag.

Inventory:

Hand Weapons
 a - a +0 rapier
 d - a +3 dagger of electrocution (weapon)
 o - a +1 short sword of flaming
Armour
 b - a +0 scale mail (worn)
 c - a +0 buckler (worn)
Jewellery
 j - a ring of flight (left hand)
 l - an amulet of regeneration (around neck)
 r - a ring of protection from fire
Scrolls
 i - 4 scrolls of vulnerability {unknown}
 m - a scroll of amnesia {unknown}
 n - a scroll of blinking {unknown}
 s - a scroll of identify {unknown}
 t - a scroll of enchant weapon {unknown}
Potions
 e - 3 potions of attraction {unknown}
 f - a potion of heal wounds {unknown}
 g - a potion of flight {unknown}
 h - 2 potions of degeneration {unknown}
 k - a potion of mutation {unknown}
 p - a potion of brilliance {unknown}
 q - 2 potions of magic {unknown}


   Skills:
 + Level 3.9 Fighting
 + Level 3.2 Short Blades
 + Level 3.5 Armour
 + Level 3.6 Stealth
 + Level 3.8 Shields


You had 5 spell levels left.
You didn't know any spells.
Your spell library contained the following spells:

 Spells                   Type           Power      Damage    Failure   Level
 Animate Skeleton         Necr           0%         N/A       87%         1
 Pain                     Necr           0%         1d4       87%         1
 Shock                    Conj/Air       0%         1d3       87%         1
 Scorch                   Fire           0%         2d5       95%         2
 Swiftness                Air            0%         N/A       99%         3
 Vampiric Draining        Necr           0%         2d6       99%         3
 Airstrike                Air            0%         N/A       100%        4
 Flame Wave               Conj/Fire      0%         2d4       100%        4
 Summon Cactus Giant      Summ           0%         N/A       100%        6


Dungeon Overview and Level Annotations

Branches:
Dungeon (4/15)
 Temple: D:4-7

Altars:
Gozag


Innate Abilities, Weirdness & Mutations

You have extremely sharp teeth.
Your natural rate of healing is unusually fast.
When hurt, damage is shared between your health and your magic reserves.
Your bite disrupts and absorbs the magic of your enemies.
Potions cannot restore your health.


Message History

The ogre barely misses you.
You hit the ogre. You bite the ogre. You drain its power.
The ogre is moderately wounded.
The ogre hits you with a +0 giant spiked club!
You are too injured to fight recklessly!
You are too injured to fight recklessly!
You are too injured to fight recklessly!
You are too injured to fight recklessly!
You are too injured to fight recklessly!
You are too injured to fight recklessly!
You are too injured to fight recklessly!
You are too injured to fight recklessly!
You are too injured to fight recklessly!
You are too injured to fight recklessly!
You are too injured to fight recklessly!
You are too injured to fight recklessly!
You are too injured to fight recklessly!
You are too injured to fight recklessly!
You are too injured to fight recklessly!
You are too injured to fight recklessly!
You hit the ogre. You bite the ogre. You drain its power.
You feel invigorated.
The ogre is heavily wounded.
You closely miss the ogre.
The ogre is heavily wounded.
The ogre closely misses you.
You hit the ogre.
The ogre is heavily wounded.
The ogre hits you with a +0 giant spiked club!!
Ouch! That really hurt!
* * * LOW HITPOINT WARNING * * *
You hit the ogre.
The ogre is severely wounded.
The ogre hits you with a +0 giant spiked club!
* * * LOW HITPOINT WARNING * * *
You hit the ogre but do no damage.
The ogre is severely wounded.
The ogre hits you with a +0 giant spiked club!!
Ouch! That really hurt!
You die...
Your body crumbles into a pile of gold.

.. #.###.. ..
..##.....######
..............###
.................
..###.###.###.$. .. #...##
## ###..# ##O## #.@# ##.#
#.# #.### #...#
###.####### #........#
#################........#
.........................#


You could see an ogre.

Vanquished Creatures
  A scorpion (D:3)
  A bullfrog zombie (D:3)
  A jelly (D:4)
  3 orc priests
  A centaur skeleton (D:3)
  2 orc wizards (D:3)
  3 adders
  5 worms
  A dart slug (D:1)
  7 orcs (D:3)
  4 ball pythons
  9 endoplasms
  A giant cockroach (D:3)
  9 goblins
  10 hobgoblins
  10 kobolds
  3 quokkas
  3 bats (D:1)
  3 frilled lizards
  3 rats
80 creatures vanquished.

Notes
Turn   | Place    | Note
-------+----------+-------------------------------------------
     0 | D:1      | Jerry the Vine Stalker Fighter began the quest for the Orb.
     0 | D:1      | Reached XP level 1. HP: 11/11 MP: 2/2
    83 | D:1      | Reached XP level 2. HP: 2/16 MP: 0/3
   950 | D:1      | Reached XP level 3. HP: 19/19 MP: 4/4
   974 | D:1      | Reached skill level 1 in Stealth
  1966 | D:2      | You fall into a shaft and drop 1 floor!
  1967 | D:3      | Found a faded altar of an unknown god.
  1973 | D:3      | Gained mutation: Your natural rate of healing is unusually
                  | fast. [Vine Stalker growth]
  1973 | D:3      | Reached XP level 4. HP: 24/24 MP: 5/5
  2311 | D:3      | Reached XP level 5. HP: 20/28 MP: 4/6
  2524 | D:3      | Reached XP level 6. HP: 29/32 MP: 5/7
  2563 | D:3      | Found an opulent altar of Gozag.
  2573 | D:3      | Became a worshipper of Gozag Ym Sagoz the Greedy
  3088 | D:3      | HP: 1/33 [goblin/+0 dagger (1)]
  3402 | D:4      | Mangled by an ogre

Illustrated notes

Levels and vault maps discovered:
D:1:      psy_arrival_fountain, layout_basic
D:2:      layout_basic
D:3:      layout_loops_ring, overflow_temple_1_default,
          hellmonk_ecumenical_altar_lost_god
D:4:      layout_rooms

Skill      XL: |  1  2  3  4  5  6 |
---------------+-------------------+-----
Short Blades   | 2 3 |  3.2
Fighting       | 3 |  3.9
Shields        | 3 |  3.8
Stealth        | 1 2 3 |  3.6
Armour         | 3 |  3.5

Action                   |  1- 3 |  4- 6 || total
-------------------------+-------+-------++-------
Melee: Rapier            |    91 |    12 ||   103
       Bite              |    22 |    42 ||    64
       Short sword       |       |    98 ||    98
       Dagger            |       |    32 ||    32
  Use: Potion            |       |     1 ||     1
Armor: Scale mail        |    34 |    39 ||    73
Dodge: Dodged            |    38 |    43 ||    81
Block: Buckler           |    10 |    35 ||    45
